 Dungeon Crawl Stone Soup version 0.20.1-1-g8b1a95d (webtiles) character file.

385 equalderp2856 the Skirmisher (level 6, 0/48 HPs)
             Began as a Mummy Fighter on Oct 23, 2017.
             Slain by Pikel
             ... wielding a +1 whip of freezing
              (2 damage)
             ... on level 4 of the Dungeon.
             The game lasted 00:04:47 (3502 turns).

equalderp2856 the Skirmisher (Mummy Fighter)        Turns: 3502, Time: 00:04:48

Health: 0/48       AC:  8    Str: 19    XL:     6   Next: 48%
Magic:  6/6        EV:  7    Int: 14    God:
Gold:   222        SH:  9    Dex: 17    Spells: 5/5 levels left

rFire    x . .     SeeInvis .   a - +0 war axe
rCold    + . .     Gourm    .   c - +0 shield
rNeg     + + +     Faith    .   b - +0 scale mail
rPois    ∞         Spirit   .   (no helmet)
rElec    .         Reflect  .   (no cloak)
rCorr    .         Harm     .   (no gloves)
MR       .....                  s - +0 pair of boots
Stlth    ..........             l - amulet of rage
Regen    0.2/turn               o - +4 ring of intelligence
MPRegen  0.1/turn               j - +6 ring of dexterity

@: no status effects
A: no food or potions, fire vulnerability, cold resistance 1, negative energy
resistance 3, torment resistance, unbreathing
a: no special abilities


You were on level 4 of the Dungeon.
You were not hungry.

You visited 1 branch of the dungeon, and saw 4 of its levels.

You collected 222 gold pieces.

Inventory:

Hand Weapons
 a - a +0 war axe (weapon)
Armour
 b - a +0 scale mail (worn)
 c - a +0 shield (worn)
 s - a +0 pair of boots (worn)
Jewellery
 g - a +2 ring of strength
 j - a +6 ring of dexterity (right hand)
 l - an amulet of rage (around neck)
 m - an uncursed ring of poison resistance
 o - a +4 ring of intelligence (left hand)
Wands
 p - a wand of iceblast (9/15)
Scrolls
 d - a scroll of fog {unknown}
 e - 2 scrolls of teleportation
 f - a scroll of recharging {unknown}
 h - 2 scrolls of immolation {unknown}
 i - a scroll of amnesia {unknown}
 k - 2 scrolls of identify {unknown}
 n - 2 scrolls of remove curse {unknown}
 q - a scroll of enchant weapon {unknown}
 r - 2 scrolls of enchant armour {unknown}


   Skills:
 + Level 3.8 Fighting
 + Level 3.8 Axes
 + Level 3.4 Armour
 + Level 1.0 Dodging
 + Level 3.5 Shields


You had 5 spell levels left.
You didn't know any spells.

Dungeon Overview and Level Annotations

Branches:
Dungeon (4/15)
 Temple: D:4-7

Altars:
Ashenzari
Kikubaaqudgha
Nemelex Xobeh
Qazlal
Trog

Annotations:
D:3 Ymberto's ghost, amateur HOFi
D:4 Pikel


Innate Abilities, Weirdness & Mutations

You do not eat or drink.
Your flesh is vulnerable to fire.
You are immune to poison.
Your flesh is cold resistant. (rC+)
You are immune to negative energy. (rN+++)
You are immune to unholy pain and torment.
You can survive without breathing.


Message History

The scorpion stings you.
* * * LOW HITPOINT WARNING * * *
Something claws you.
* * * LOW HITPOINT WARNING * * *
The shadow imp hits you.
* * * LOW HITPOINT WARNING * * *
You see here 18 gold pieces.
The white imp gestures at you.
The puff of frost hits something.
Reactivating autopickup.
The shadow imp disappears in a puff of smoke!
The white imp disappears in a puff of smoke!
You feel a bit more experienced.
Pikel says, "Slavery isn't that bad."
The slave shouts!
Pikel sighs. "I should capture elves; my bodyguards all look the same!"
Pikel hits you with a whip of freezing.
* * * LOW HITPOINT WARNING * * *
Pikel hits you with a whip of freezing.
You die...

#####..###..## #..###..#
#......#.....########.#.#.#.# #
#.####.#.###.......##.##.##.###
#.# #...# #.#####.##.#####.#_#
#.# ###.###.# #.##.#######.#
#.# #....p# #.........#... #.##
#####.# #.#####.###... #..##
#.#####.# #.##.... #.#.##
#.K@....# ####.... #.##.##
##.###### ###....8.
#.###.#######s# ###......#. #.#
##.##.....# #_.....8### #.#
##.#.###.# ###......#. #.#
##...##.# ###....8. #. ##.#.#.#
###.... #.....# #.†.. ###.#.##
##.(.


You could see Pikel and a scorpion.

Vanquished Creatures
  A slave (D:4)
  2 hounds (D:4)
  An orc wizard (D:4)
  Natasha (twice) (D:3 D:4)
  4 worker ants (D:4)
  A hound skeleton (D:4)
  3 adders (D:2)
  An ooze (D:3)
  A worm (D:3)
  A dart slug (D:2)
  5 leopard geckos
  8 orcs
  8 bats
  5 giant cockroaches
  10 goblins
  11 hobgoblins
  2 jackals (D:2)
  7 kobolds
  2 quokkas (D:4)
  A frilled lizard (D:1)
  8 rats
84 creatures vanquished.

Vanquished Creatures (others)
  Natasha (D:4)
1 creature vanquished.

Grand Total: 85 creatures vanquished

Notes
Turn   | Place    | Note
-------+----------+-------------------------------------------
     0 | D:1      | equalderp2856 the Mummy Fighter began the quest for the Orb.
     0 | D:1      | Reached XP level 1. HP: 18/18 MP: 1/1
   193 | D:1      | Reached XP level 2. HP: 22/24 MP: 2/2
   840 | D:2      | Reached XP level 3. HP: 29/29 MP: 3/3
   982 | D:2      | Reached XP level 4. HP: 27/35 MP: 4/4
  1001 | D:2      | Found a bloodstained altar of Trog.
  1401 | D:3      | Noticed Natasha
  1406 | D:3      | Killed Natasha
  1650 | D:3      | Noticed Ymberto's ghost (amateur HOFi)
  1657 | D:3      | Found a stormy altar of Qazlal.
  2031 | D:3      | Found a sparkling altar of Nemelex Xobeh.
  2149 | D:3      | Reached XP level 5. HP: 41/41 MP: 5/5
  2221 | D:4      | Noticed Natasha
  2226 | D:4      | Killed Natasha
  2375 | D:4      | Reached XP level 6. HP: 36/48 MP: 6/6
  2494 | D:4      | Noticed Pikel
  2494 | D:4      | Noticed a slave
  2494 | D:4      | Noticed a slave
  2494 | D:4      | Noticed a slave
  2495 | D:4      | Noticed a slave
  2819 | D:4      | Found an ancient bone altar of Kikubaaqudgha.
  2843 | D:4      | Found a sparkling altar of Nemelex Xobeh.
  2848 | D:4      | Found a shattered altar of Ashenzari.
  2890 | D:4      | Reached skill level 1 in Dodging
  3338 | D:4      | Killed a slave
  3476 | D:4      | Noticed Natasha
  3485 | D:4      | HP: 2/48 [shadow imp[Natasha] (5)]
  3488 | D:4      | Killed Natasha
  3501 | D:4      | HP: 2/48 [Pikel/whip of freezing (2)]
  3502 | D:4      | Slain by Pikel

Skill      XL: |  1  2  3  4  5  6 |
---------------+-------------------+-----
Axes           | 2 3 |  3.8
Shields        | 3 |  3.5
Armour         | 3 |  3.4
Dodging        | 1 |  1.0
Fighting       | |  3.8

Action                   |  1- 3 |  4- 6 || total
-------------------------+-------+-------++-------
Melee: War axe           |   132 |   194 ||   326
  Use: Scroll            |       |     1 ||     1
Armor: Scale mail        |    64 |    66 ||   130
Dodge: Dodged            |    54 |    68 ||   122
Block: Shield            |    73 |   119 ||   192
